 Dungeon Crawl Stone Soup version 0.30.0-30-g96aa6591b8 (webtiles) character file.

Game seed: 4991259408743896906

13680 Sabo the Basher (level 11, 0/89 HPs)
             Began as a Demonspawn Monk on June 29, 2023.
             Was a Priest of Ashenzari.
             Slain by Fannar
             ... wielding a +0 quarterstaff of freezing
              (16 damage)
             ... on level 11 of the Dungeon.
             The game lasted 00:58:03 (11492 turns).

Sabo the Basher (Demonspawn Monk)                  Turns: 11492, Time: 00:58:04

Health: 0/89       AC: 15    Str: 21    XL:     11   Next: 78%
Magic:  11/11      EV: 17    Int: 10    God:    Ashenzari [***...]
Gold:   744        SH:  0    Dex: 16    Spells: 10/10 levels left

rFire   . . .        l - +8 whip of Geocil {heavy, rElec}
rCold   . . .        d - orb of the Astral Sage {light, Melee, Range} (curse)
rNeg    . . .        I - +1 acid dragon scales
rPois   .            B - +1 helmet
rElec   +            (cloak unavailable)
rCorr   +            (no gloves)
SInv    +            (no boots)
Will    .....        L - amulet of the Wild Blue Yonder {Regen+, Melee, Alch} (curse)
Stlth   +            y - ring "Share My Urgency" {AC+4, Range, Elem} (curse)
HPRegen 1.14/turn    E - ring of the Eternal Visionary {Str+6, Alch, Evo} (curse)
MPRegen 0.24/turn

%: clarity
@: glowing, very slow
A: repulsion field 1, ignite blood 1, magic regeneration, weakness stinger 3,
clarity, dopey 1
a: Renounce Religion, Curse Item, Shatter the Chains


You were on level 11 of the Dungeon.
You worshipped Ashenzari.
Ashenzari was most pleased with you.
You visited 1 branch of the dungeon, and saw 11 of its levels.
You also visited: Ossuary.

You collected 744 gold pieces.

Inventory:

Hand Weapons
 a - a +0 broad axe of chaos
 f - the +3 falchion of Mourning {drain, Drain Fly Will++ MP+9}
   (You found it on level 8 of the Dungeon)

   MP:        It affects your magic capacity (+9).
   Fly:       It grants you flight.
   Drain:     It drains your maximum health when unequipped.
   Will:      It greatly increases your willpower.
 i - a +0 arbalest
 l - the +8 whip of Geocil (weapon) {heavy, rElec}
   (You found it on level 2 of the Dungeon)

   rElec:     It insulates you from electricity.
 A - a +5 short sword
 K - a +4 scimitar
 M - a +3 hand axe
 N - a +3 great sword
Missiles
 C - 55 poisoned darts (quivered)
Armour
 d - the cursed orb of the Astral Sage (worn) {light, Melee, Range}

   It has a curse which improves the following skills: Melee Combat: Short
   Blades, Long Blades, Axes, Maces & Flails, Polearms, Staves and Unarmed
   Combat.
   Ranged Combat: Ranged Weapons and Throwing.
 B - a +1 helmet (worn)
 I - +1 acid dragon scales (worn)
Jewellery
 w - a ring of willpower
 x - a +6 ring of intelligence
 y - the cursed ring "Share My Urgency" (left hand) {AC+4, Range, Elem}
   (You found it on level 10 of the Dungeon)

   [ring of protection]

   AC:        It affects your AC (+4).
   It has a curse which improves the following skills: Ranged Combat: Ranged
   Weapons and Throwing.
   Elements:  Fire Magic, Ice Magic, Air Magic and Earth Magic.
 E - the cursed ring of the Eternal Visionary (right hand) {Str+6, Alch, Evo}
   (You found it in an ossuary)

   [ring of strength]

   Str:       It affects your strength (+6).
   It has a curse which improves the following skills: Alchemy: Poison Magic and
   Transmutations.
   Evocations: Evocations.
 H - a ring of ice
 L - the cursed amulet of the Wild Blue Yonder (around neck) {Regen+, Melee, Alch}
   (You found it in an ossuary)

   [amulet of regeneration]

   Regen:     It increases your rate of health regeneration.
   It has a curse which improves the following skills: Melee Combat: Short
   Blades, Long Blades, Axes, Maces & Flails, Polearms, Staves and Unarmed
   Combat.
   Alchemy:   Poison Magic and Transmutations.
Wands
 t - a wand of polymorph (10)
 G - a wand of digging (6)
 O - a wand of mindburst (31)
 Q - a wand of paralysis (5)
Scrolls
 e - 4 scrolls of magic mapping
 h - 5 scrolls of fog
 k - 5 scrolls of poison
 m - 4 scrolls of enchant weapon
 n - a scroll of immolation
 o - a scroll of fear
 q - 2 scrolls of silence
 s - 4 scrolls of teleportation
 P - a scroll of summoning
Potions
 b - 4 potions of curing
 c - 5 potions of ambrosia
 g - a potion of invisibility
 j - 4 potions of cancellation
 p - 2 potions of attraction
 r - 3 potions of lignification
 u - 4 potions of heal wounds
 v - 11 potions of might
 z - 4 potions of flight
 D - 2 potions of haste
 F - 2 potions of berserk rage
 J - 2 potions of mutation


   Skills:
 + Level 9.0 Fighting
 + Level 4.0(9.7) Axes
 + Level 11.6(14.0) Maces & Flails
 + Level 7.7 Armour
 + Level 6.8 Dodging
 + Level 2.6 Stealth


You had 10 spell levels left.
You didn't know any spells.
Your spell library contained the following spells:

 Spells                   Type           Power      Damage    Failure   Level
 Kiss of Death            Conj/Necr      0%         2d5       43%         1
 Static Discharge         Conj/Air       0%         2-2/arc   56%         2
 Confusing Touch          Hex            0%         N/A       80%         3
 Hailstorm                Conj/Ice       0%         3d3       80%         3
 Airstrike                Air            0%         2d(0-16)  99%         4
 Dispel Undead            Necr           0%         3d6       99%         4
 Ice Form                 Ice/Tmut       0%         N/A       99%         4
 Summon Lightning Spire   Summ/Air       0%         N/A       99%         4
 Simulacrum               Ice/Necr       0%         N/A       100%        6
 Chain Lightning          Conj/Air       0%         N/A       100%        9
 Fire Storm               Conj/Fire      0%         5d1       100%        9
 Shatter                  Erth           0%         3d5*      100%        9


Dungeon Overview and Level Annotations

Branches:
Dungeon (11/15)            Temple (0/1) D:5            Lair (0/5) D:10
    Orc (0/2) D:9         Ossuary (visited)

Altars:
Ashenzari
Fedhas
Gozag
Ru

Shops:
D:11 *

Annotations:
D:11 Fannar


Innate Abilities, Weirdness & Mutations

You are surrounded by a mild repulsion field. (EV +2)
Your demonic aura sometimes causes spilled blood to erupt in flames.
You regenerate magic rapidly.
You have a sharp stinger which inflicts weakening toxins.
You possess an exceptional clarity of mind.
You are dopey. (Int -2)


Message History

You whack Fannar!
Fannar is heavily wounded.
A nearby plant withers and dies.
Fannar barely misses you.
You hit Fannar but do no damage.
Your tail-slap misses Fannar.
Fannar is heavily wounded.
You hit Fannar but do no damage.
Fannar is heavily wounded.
Fannar gestures wildly while chanting.
You thrash Fannar!!
Fannar is severely wounded.
Fannar gestures at you while chanting. The bolt of cold hits you!
You hit Fannar.
Fannar is almost dead.
You are engulfed in freezing vapours.
* * * LOW HITPOINT WARNING * * *
You whack the ice beast!
You tail-slap the ice beast, but do no damage.
The ice beast is moderately wounded.
You are engulfed in freezing vapours.
* * * LOW HITPOINT WARNING * * *
You thrash the ice beast!! You tail-slap the ice beast.
You kill the ice beast!
The ice beast disappears in a puff of smoke!
Your unstable footing causes you to fumble your attack.
You whack Fannar!
Fannar is almost dead.
Fannar gestures wildly while chanting.
Fannar drains the heat from the surrounding environment!
The plant begins to die. x6
Your unstable footing causes you to fumble your attack.
Fannar closely misses you.
Your unstable footing causes you to fumble your attack.
Fannar casts a spell.
Fannar blinks!
A nearby plant withers and dies.
A nearby plant withers and dies. x5
Fannar mumbles some strange words.
Fannar drains the heat from the surrounding environment!
You die...

*,, #.. * , #.. *, *
#..* , ##*### , , *
#.e## #~♣~♣P~ #...##
~~♣~~~~~ ,
.####..~~♣♣♣♣~P~P~♣~~
.......~~♣~~♣~~~≈~≈~ ,
..<...~§~~~~~~≈≈≈≈~≈ ~
#####~♣@~~~~~~≈≈≈≈≈≈≈≈~
#~~~~~~~~~≈≈≈≈≈≈≈≈≈≈
#♣~~~~~~~~≈≈≈≈≈≈≈≈≈≈
#~~~~♣~~~~≈≈≈≈≈≈≈≈≈≈≈
##~~~~~~♣~≈≈≈≈≈≈≈≈≈≈≈
##♣~~~♣~~~~~≈≈≈≈≈≈≈~
♣♣♣~~~~~~~≈~~PP~~~
♣~~~~~††~~~~~~~~
#♣♣~♣♣~♣♣♣♣♣♣~~~


You could see Fannar.

Vanquished Creatures
  Erolcha (D:10)
  A two-headed ogre (D:9)
  Maggie (D:7)
  An unseen horror (D:11)
  A gargoyle (D:11)
  A kobold demonologist (D:11)
  A queen bee (D:10)
  A hornet (D:8)
  A shadow (D:6)
  A water elemental (D:11)
  4 wyverns
  14 yaks
  2 wraiths
  A basilisk (D:10)
  8 humans (D:8)
  Grum (D:11)
  2 steam dragons (D:6)
  4 wargs (D:9)
  2 water moccasins
  5 orc warriors
  2 black bears
  3 ogres
  2 ice beasts (D:5)
  3 wolves (D:11)
  7 centaurs
  7 kobold brigands
  3 bullfrogs
  2 gnoll sergeants
  2 scorpions
  5 wights
  21 killer bees (D:10)
  5 electric eels
  5 howler monkeys
  2 jellies (D:5)
  A gnoll bouda (D:7)
  4 orc priests
  4 hounds
  A sleepcap (D:6)
  Jessica (D:8)
  4 iguanas
  12 orc wizards
  4 mummies
  7 adders
  15 gnolls
  A shadow imp (D:8)
  2 white imps
  4 worms
  4 dart slugs
  36 orcs
  3 endoplasms
  4 giant cockroaches
  7 goblins
  9 hobgoblins
  14 jackals
  12 kobolds
  3 quokkas
  5 ball pythons
  2 bats
  4 frilled lizards
  4 goblin zombies
  5 hobgoblin zombies (Ossuary)
  3 kobold zombies (Ossuary)
  4 rats
301 creatures vanquished.

Vanquished Creatures (others)
  An adder (D:6)
  2 orcs (D:8)
  A bat (D:3)
4 creatures vanquished.

Grand Total: 305 creatures vanquished

Notes
Turn   | Place    | Note
-------+----------+-------------------------------------------
     0 | D:1      | Sabo the Demonspawn Monk began the quest for the Orb.
     0 | D:1      | Reached XP level 1. HP: 18/18 MP: 1/1
   185 | D:1      | Found a faded altar of an unknown god.
   191 | D:1      | Prayed at the altar of an unknown god.
   191 | D:1      | Became a worshipper of Ashenzari the Shackled
   352 | D:1      | Gained mutation: Your demonic aura sometimes causes spilled
                  | blood to erupt in flames. [demonic ancestry]
   352 | D:1      | Reached XP level 2. HP: 11/24 MP: 2/2
  1088 | D:1      | Reached XP level 3. HP: 29/29 MP: 3/3
  1721 | D:2      | Identified the +8 whip of Geocil {heavy, rElec}
  1996 | D:2      | Reached XP level 4. HP: 36/36 MP: 4/4
  2595 | D:3      | Found a broken altar of Ashenzari.
  3359 | D:4      | Noticed a black bear
  3368 | D:4      | Killed a black bear
  3369 | D:4      | Reached skill level 1 in Maces & Flails
  3369 | D:4      | Reached skill level 1 in Armour
  3369 | D:4      | Gained mutation: You have a small tail. [demonic ancestry]
  3369 | D:4      | Reached XP level 5. HP: 13/42 MP: 5/5
  3503 | D:4      | Gained mutation: You have a tail ending in a sharp stinger.
                  | [demonic ancestry]
  3503 | D:4      | Reached XP level 6. HP: 31/48 MP: 6/6
  3721 | D:4      | Reached skill level 2 in Maces & Flails
  4629 | D:5      | Entered Level 5 of the Dungeon
  4639 | D:5      | Reached skill level 3 in Maces & Flails
  4639 | D:5      | Reached XP level 7. HP: 54/54 MP: 7/7
  4898 | D:5      | Found a staircase to the Ecumenical Temple.
  4936 | D:5      | Reached skill level 4 in Maces & Flails
  5214 | D:5      | Reached XP level 8. HP: 25/61 MP: 8/8
  5667 | D:6      | Reached skill level 5 in Fighting
  5699 | D:6      | Reached skill level 5 in Maces & Flails
  5923 | D:6      | Found a blossoming altar of Fedhas.
  5946 | D:6      | Reached skill level 6 in Maces & Flails
  5946 | D:6      | Reached skill level 5 in Armour
  6089 | D:6      | Found a sand-covered staircase.
  6097 | Ossuary  | Entered an ossuary
  6211 | Ossuary  | Reached * piety under Ashenzari
  6368 | Ossuary  | Gained mutation: You are surrounded by a mild repulsion
                  | field. (EV +2) [demonic ancestry]
  6368 | Ossuary  | Reached XP level 9. HP: 68/68 MP: 9/9
  7040 | D:7      | Noticed Maggie
  7049 | D:7      | Killed Maggie
  7050 | D:7      | Reached skill level 7 in Maces & Flails
  7653 | D:7      | Reached ** piety under Ashenzari
  8070 | D:8      | Reached skill level 8 in Maces & Flails
  8092 | D:8      | Reached skill level 5 in Dodging
  8092 | D:8      | Gained mutation: You regenerate magic rapidly. [demonic
                  | ancestry]
  8092 | D:8      | Reached XP level 10. HP: 74/80 MP: 10/10
  8129 | D:8      | Reached skill level 1 in Stealth
  8186 | D:8      | Found an opulent altar of Gozag.
  8188 | D:8      | Found an opulent altar of Gozag.
  8192 | D:8      | Noticed Jessica
  8195 | D:8      | Found an opulent altar of Gozag.
  8198 | D:8      | Killed Jessica
  8201 | D:8      | Identified the +3 falchion of Mourning {drain, Drain Fly
                  | Will++ MP+9}
  8222 | D:8      | Found an opulent altar of Gozag.
  8456 | D:8      | Identified the +1 robe "Yhyedab" {Dex+3}
  8765 | D:8      | Reached skill level 9 in Maces & Flails
  9439 | D:9      | Found a sacrificial altar of Ru.
  9753 | D:9      | Reached skill level 10 in Maces & Flails
  9924 | D:9      | Noticed a two-headed ogre
  9932 | D:9      | Killed a two-headed ogre
  9933 | D:9      | Gained mutation: You have a sharp stinger which inflicts
                  | weakening toxins. [demonic ancestry]
  9933 | D:9      | Reached XP level 11. HP: 72/86 MP: 11/11
  9975 | D:9      | Found a staircase to the Orcish Mines.
 10143 | D:9      | Gained mutation: You are dopey. (Int -2) [potion of
                  | mutation]
 10143 | D:9      | Gained mutation: You possess an exceptional clarity of
                  | mind. [potion of mutation]
 10146 | D:10     | Entered Level 10 of the Dungeon
 10216 | D:10     | Found a staircase to the Lair.
 10523 | D:10     | Reached skill level 11 in Maces & Flails
 10545 | D:10     | Identified the +0 leather armour of Hairiness {Fly rPois
                  | Str-2}
 10782 | D:10     | Noticed Erolcha
 10788 | D:10     | Killed Erolcha
 10958 | D:10     | Reached *** piety under Ashenzari
 11106 | D:11     | Found Limecw's Changing Room.
 11190 | D:11     | Noticed Grum
 11202 | D:11     | Killed Grum
 11466 | D:11     | Noticed Fannar
 11492 | D:11     | Slain by Fannar

Illustrated notes

Levels and vault maps discovered:
D:1:      amcnicky_arrival_feature_with_door, layout_basic,
          dreamdust_ecumenical_altar_angels_and_demons, minivault_19
D:2:      layout_loops_corners, kennysheep_pointless_box
D:3:      layout_basic, mainiacjoe_overflow_catwalk, lemuel_flame_loot_1
D:4:      minmay_general_purpose_star, layout_loops_ring
D:5:      layout_basic, temple_green
D:6:      layout_basic, lemuel_doored_altar, nicolae_ossuary_entry_giza,
          minmay_misc_feat_rows
D:7:      layout_basic, uniq_maggie
D:8:      erik_cavepeople, layout_basic, nicolae_gozag_conspicuous_consumption,
          amcnicky_mini_pool_medium
D:9:      layout_roguey, mainiacjoe_overflow_boulevard,
          minmay_orc_entry_guard_dogs
D:10:     layout_roguey, david_lair_generic, minivault_7, uniq_erolcha
D:11:     layout_small_grid, nicolae_transmutations_shop, serial_bayou_lake_a,
          uniq_fannar, uniq_grum

Skill      XL: |  1  2  3  4  5  6  7  8  9 10 11 |
---------------+----------------------------------+-----
Axes           | 3 4 |  4.0
Dodging        | 3 4 5 6 |  6.8
Maces & Flails | 1 3 4 6 8 10 11 | 11.6
Armour         | 1 2 4 5 6 7 |  7.7
Fighting       | 4 5 6 7 9 |  9.0
Stealth        | 2 |  2.6

Action                     |  1- 3 |  4- 6 |  7- 9 | 10-12 || total
---------------------------+-------+-------+-------+-------++-------
  Melee: Hand axe          |    94 |       |       |       ||    94
         Whip              |     6 |    74 |   229 |   309 ||   618
         Tailslap          |       |     6 |    47 |    55 ||   108
 Invoke: Curse Item        |     1 |       |     2 |     2 ||     5
    Use: Scroll            |       |     1 |     3 |     1 ||     5
         Potion            |       |       |     2 |     1 ||     3
 Armour: Robe              |     8 |       |       |       ||     8
         Chain mail        |    28 |    51 |    84 |       ||   163
         Acid dragon scale |       |       |    53 |    77 ||   130
  Dodge: Dodged            |    52 |    36 |   173 |   247 ||   508
